[Event "Kragero Resort ELO 2024"]
[Site "Kragero"]
[Date "2024.02.21"]
[Round "2.17"]
[White "Kristiansen, David"]
[Black "Persson, Michael"]
[Result "1-0"]
[ECO "C50"]
[WhiteElo "1407"]
[BlackElo "1296"]
[Annotator "NA RC"]
[PlyCount "90"]
[EventDate "2024.02.21"]
[EventType "swiss"]
[EventCountry "NOR"]
[SourceTitle "playchess.com"]
[Source "ChessBase"]
[SourceQuality "1"]
[TimeControl "5400+30"]

1. e4 e5 2. Nf3 Nc6 3. d4 exd4 4. Bc4 Be7 5. c3 d6 6. cxd4 Nf6 7. Nc3 O-O 8. O-O Bg4 9. Be2 Re8 10. h3 Bh5 11. Bf4 Bf8 12. Bg5 Be7 13. Re1 h6 14. Bh4 Rb8 15. Rc1 a6 16. Qa4 Rc8 17. Qb3 Rb8 18. Rcd1 b5 19. e5 Nd7 20. Bxe7 Nxe7 21. e6 fxe6 22. Qxe6+ Bf7 23. Qg4 Nf6 24. Qf4 Ng6 25. Qd2 Ne4 26. Nxe4 Rxe4 27. a3 Qd7 28. Qc2 Rbe8 29. Kh2 Nf4 30. Bxb5 axb5 31. Rxe4 Nd5 32. Rxe8+ Qxe8 33. Rc1 Bg6 34. Qc6 Qe4 35. Re1 Qf4+ 36. Kg1 Qf7 37. Qxb5 Bh5 38. Nd2 Nf4 39. a4 Qg6 40. Qb7 d5 41. g3 Nxh3+ 42. Kh2 Nxf2 43. Qxd5+ Kh7 44. Kg2 Nd3 45. Rf1 Bg4 1-0

[Event "Kragero Resort ELO 2024"]
[Site "Kragero"]
[Date "2024.02.21"]
[Round "2.18"]
[White "Halvorsen, Frode"]
[Black "Germiani, Yaro"]
[Result "0-1"]
[ECO "B07"]
[WhiteElo "1385"]
[BlackElo "1287"]
[Annotator "NA RC"]
[PlyCount "81"]
[EventDate "2024.02.21"]
[EventType "swiss"]
[EventCountry "NOR"]
[SourceTitle "playchess.com"]
[Source "ChessBase"]
[SourceQuality "1"]
[TimeControl "5400+30"]

1. e4 d6 2. d4 g6 3. c3 Bg7 4. Nf3 Nf6 5. Bd3 Nbd7 6. Bg5 O-O 7. Qc1 c5 8. O-O cxd4 9. cxd4 e5 10. d5 Nc5 11. Bxf6 Qxf6 12. Bc2 Bg4 13. Nbd2 Rac8 14. Qd1 Bh6 15. Qe1 Na6 16. Bd1 Nb4 17. h3 Bd7 18. Nb3 Nc2 19. Bxc2 Rxc2 20. Qa5 Bxh3 21. Ne1 Rxb2 22. Qc3 Re2 23. Qd3 Bg4 24. g3 Rc8 25. f3 Re3 26. Qd1 Bd7 27. Qd2 Rcc3 28. Qd1 Qg5 29. Kg2 f5 30. Nd2 a6 31. Rh1 Bb5 32. a4 Re2+ 33. Kf1 Rxd2+ 34. axb5 Rxd1 35. Rxd1 fxe4 36. bxa6 bxa6 37. fxe4 Rc1 38. Rd3 Qf6+ 39. Ke2 Ra1 40. Rxh6 Ra2+ 41. Kd1 0-1

[Event "Kragero Resort ELO 2024"]
[Site "Kragero"]
[Date "2024.02.22"]
[Round "2.19"]
[White "Gevorgyan, Nrane"]
[Black "Hoifodt, Jakob Salen"]
[Result "1-0"]
[ECO "D02"]
[WhiteElo "1268"]
[BlackElo "1373"]
[Annotator "NA RC"]
[PlyCount "85"]
[EventDate "2024.02.21"]
[EventType "swiss"]
[EventCountry "NOR"]
[SourceTitle "playchess.com"]
[Source "ChessBase"]
[SourceQuality "1"]
[TimeControl "5400+30"]

1. d4 d5 2. Nf3 e6 3. Bf4 Bd6 4. e3 Nf6 5. Ne5 Nbd7 6. c4 c5 7. Nxf7 Kxf7 8. Bxd6 Qb6 9. dxc5 Nxc5 10. Bxc5 Qxc5 11. cxd5 Nxd5 12. Nd2 Rf8 13. Qh5+ Kg8 14. Bd3 g6 15. Qe5 Nb4 16. Qe4 Nxd3+ 17. Qxd3 b6 18. O-O Bb7 19. Rac1 Qg5 20. f3 Rad8 21. Qc3 Rf7 22. Rcd1 Rdf8 23. e4 Ba6 24. Rf2 Rd8 25. Re1 Rd3 26. Qc2 Rfd7 27. Nf1 Qd8 28. Qa4 Bc8 29. Rc2 R3d4 30. Qc6 Ba6 31. Qxe6+ Kf8 32. Ne3 Rd2 33. Rxd2 Rxd2 34. Nd5 Qh4 35. Qd6+ Kf7 36. Qc7+ Kf8 37. Qb8+ Kf7 38. Qxa7+ Kf8 39. Qb8+ Kf7 40. Qg3 Qxg3 41. hxg3 Rxb2 42. Rc1 Rxa2 43. Nxb6 1-0

[Event "Kragero Resort ELO 2024"]
[Site "Kragero"]
[Date "2024.02.21"]
[Round "2.20"]
[White "Linkjendal, Sondre Olsen"]
[Black "Nguyen, Tyson Quang Hy"]
[Result "1/2-1/2"]
[ECO "C54"]
[WhiteElo "1373"]
[BlackElo "1267"]
[Annotator "NA RC"]
[PlyCount "149"]
[EventDate "2024.02.21"]
[EventType "swiss"]
[EventCountry "NOR"]
[SourceTitle "playchess.com"]
[Source "ChessBase"]
[SourceQuality "1"]
[TimeControl "5400+30"]

1. e4 e5 2. Nf3 Nc6 3. Bc4 Bc5 4. c3 Nf6 5. d3 d6 6. O-O O-O 7. Re1 h6 8. h3 a6 9. Nbd2 Rb8 10. Nf1 Nh5 11. Nxe5 Qh4 12. d4 Nxe5 13. Be2 Nf4 14. Bxf4 Qxf4 15. dxc5 dxc5 16. Qc2 b6 17. Nd2 Qg5 18. Kh2 Bb7 19. Kg1 Bc8 20. Kh2 Bb7 21. g3 Ng6 22. Bd3 Rbd8 23. Rad1 Qe7 24. e5 Qe6 25. Bf5 Qe7 26. Re2 Qg5 27. e6 Rd6 28. Bxg6 fxg6 29. e7 Re8 30. Rde1 Qd5 31. f3 Qf5 32. Qb3+ Bd5 33. c4 Bc6 34. Qe3 Bd7 35. g4 Qf7 36. Qe5 Re6 37. Qxc7 R8xe7 38. Rxe6 Rxe6 39. Rxe6 Qxe6 40. Qg3 Qe2+ 41. Qg2 Qe5+ 42. Qg3 Qxb2 43. Qd6 Be8 44. Kg3 Qf6 45. Ne4 Qxd6+ 46. Nxd6 Bc6 47. Kf4 g5+ 48. Ke3 Kf8 49. f4 gxf4+ 50. Kxf4 b5 51. h4 bxc4 52. Nxc4 Bd5 53. Ne5 Bxa2 54. Nd7+ Ke7 55. Nxc5 a5 56. Ke4 Be6 57. g5 h5 58. Kd4 Bd7 59. Kc4 Bc6 60. Nd3 Ke6 61. Nf4+ Kf5 62. Nxh5 g6 63. Ng7+ Kg4 64. h5 gxh5 65. Nxh5 Kxh5 66. Kb3 Kxg5 67. Ka2 Kf4 68. Ka1 Ke3 69. Kb1 Kd3 70. Ka1 Kc3 71. Kb1 a4 72. Ka1 Bd5 73. Kb1 Kb3 74. Ka1 a3 75. Kb1 1/2-1/2

[Event "Kragero Resort ELO 2024"]
[Site "Kragero"]
[Date "2024.02.21"]
[Round "2.21"]
[White "Syreng, Gard Alexander Bye"]
[Black "Bollestad, Leiv Ove"]
[Result "1/2-1/2"]
[ECO "E01"]
[WhiteElo "1244"]
[BlackElo "1371"]
[Annotator "NA RC"]
[PlyCount "117"]
[EventDate "2024.02.21"]
[EventType "swiss"]
[EventCountry "NOR"]
[SourceTitle "playchess.com"]
[Source "ChessBase"]
[SourceQuality "1"]
[TimeControl "5400+30"]

1. d4 d5 2. Nf3 Nf6 3. g3 e6 4. c4 c5 5. cxd5 Nxd5 6. Bg2 cxd4 7. Nxd4 Bb4+ 8. Bd2 Qb6 9. Nf3 Bc5 10. O-O Qxb2 11. Qb3 Qxb3 12. axb3 Nc6 13. e4 Nf6 14. Nc3 a6 15. e5 Nd7 16. Ne4 Bd4 17. Nxd4 Nxd4 18. Nd6+ Ke7 19. Bb4 Nc6 20. Bxc6 bxc6 21. Nxc8+ Kd8 22. Nd6 Nxe5 23. Rfd1 Ke7 24. f4 Nd7 25. Nf5+ Kf6 26. Nxg7 Kxg7 27. Rxd7 Rhb8 28. Bc3+ Kg6 29. Ra3 Rb5 30. b4 c5 31. Ra5 cxb4 32. Rxb5 axb5 33. Bxb4 Ra4 34. Rd4 Kf5 35. h3 h5 36. Kf2 Ra2+ 37. Rd2 Ra1 38. Re2 f6 39. Kf3 Rf1+ 40. Rf2 Rb1 41. Bc5 Rb3+ 42. Be3 b4 43. Rc2 Rb1 44. Rc5+ Kg6 45. Rc6 Kf7 46. Rc7+ Kg6 47. Re7 b3 48. Bd4 b2 49. Bxb2 Rxb2 50. Rxe6 Rb3+ 51. Re3 Rb1 52. Rd3 Ra1 53. Ke4 Ra4+ 54. Rd4 Ra3 55. f5+ Kg5 56. Rd6 Ra4+ 57. Kd5 Kxf5 58. Kc5 Ra3 59. g4+ 1/2-1/2

[Event "Kragero Resort ELO 2024"]
[Site "Kragero"]
[Date "2024.02.21"]
[Round "2.22"]
[White "Jorgensen, Catherine"]
[Black "Robertsen, Nikolas"]
[Result "0-1"]
[ECO "D30"]
[WhiteElo "1351"]
[BlackElo "1236"]
[Annotator "NA RC"]
[PlyCount "118"]
[EventDate "2024.02.21"]
[EventType "swiss"]
[EventCountry "NOR"]
[SourceTitle "playchess.com"]
[Source "ChessBase"]
[SourceQuality "1"]
[TimeControl "5400+30"]

1. d4 d5 2. c4 e6 3. Nf3 Nf6 4. Qc2 Nc6 5. g3 g6 6. Bg2 Bg7 7. O-O O-O 8. Rd1 Re8 9. Nc3 dxc4 10. e4 Nb4 11. Qe2 c6 12. Qxc4 a5 13. a3 b5 14. Qe2 Na6 15. Bf4 Bb7 16. Rac1 Qb6 17. e5 Nd5 18. Nxd5 cxd5 19. Bg5 Rac8 20. Qe3 b4 21. a4 Nb8 22. Bf6 Bxf6 23. exf6 Nd7 24. Qg5 Qd8 25. Bf1 Nxf6 26. Bb5 Rf8 27. Rxc8 Bxc8 28. Rc1 Bd7 29. Qe5 Ne8 30. Rc5 f6 31. Qe2 Qe7 32. Bxd7 Qxd7 33. Rxa5 Ng7 34. Qb5 Qxb5 35. Rxb5 Ra8 36. Rxb4 Ne8 37. b3 Kf8 38. Kf1 Nd6 39. Ke2 Ne4 40. Rb6 Kf7 41. Rb7+ Kg8 42. Rb4 h5 43. Nd2 Nc3+ 44. Kd3 Na2 45. Rb6 Kf7 46. Kc2 Rc8+ 47. Rc6 Nb4+ 48. Kb2 Nxc6 49. Nf3 Nb4 50. Ne1 e5 51. dxe5 fxe5 52. a5 e4 53. h4 Nd3+ 54. Ka3 Nxe1 55. b4 d4 56. a6 Nc2+ 57. Ka4 Nxb4 58. Kxb4 d3 59. Kb5 d2 0-1

[Event "Kragero Resort ELO 2024"]
[Site "Kragero"]
[Date "2024.02.22"]
[Round "3.1"]
[White "Thorgersen, Trond M."]
[Black "Smedsrud, Petter"]
[Result "1-0"]
[ECO "C13"]
[WhiteElo "2048"]
[BlackElo "1580"]
[Annotator "NA RC"]
[PlyCount "23"]
[EventDate "2024.02.21"]
[EventType "swiss"]
[EventCountry "NOR"]
[SourceTitle "playchess.com"]
[Source "ChessBase"]
[SourceQuality "1"]
[TimeControl "5400+30"]

1. e4 e6 2. d4 d5 3. Nc3 Nf6 4. Bg5 dxe4 5. Nxe4 Be7 6. Bxf6 Bxf6 7. Nf3 Nd7 8. Bd3 b6 9. Qe2 O-O 10. g4 c5 11. Nxf6+ Qxf6 12. Qe4 1-0

[Event "Kragero Resort ELO 2024"]
[Site "Kragero"]
[Date "2024.02.22"]
[Round "3.8"]
[White "Johannessen, Simon T"]
[Black "Digernes, Mikael"]
[Result "1/2-1/2"]
[ECO "A88"]
[WhiteElo "1484"]
[BlackElo "1593"]
[Annotator "NA"]
[PlyCount "57"]
[EventDate "2024.02.21"]
[EventType "swiss"]
[EventCountry "NOR"]
[SourceTitle "playchess.com"]
[Source "ChessBase"]
[SourceQuality "1"]
[TimeControl "5400+30"]

1. d4 f5 2. g3 Nf6 3. Bg2 g6 4. c4 Bg7 5. Nc3 O-O 6. Bg5 d6 7. Nf3 c6 8. O-O Ne4 9. Bf4 Nxc3 10. bxc3 Qa5 11. Qb3 Kh8 12. Qb4 Qxb4 13. cxb4 Nd7 14. Rac1 e5 15. dxe5 dxe5 16. Bd2 Nb6 17. e4 fxe4 18. Ng5 Bg4 19. Rfe1 Rad8 20. Nxe4 Rd4 21. Be3 Rxc4 22. Rxc4 Nxc4 23. Bxa7 Ra8 24. Bc5 b6 25. Rc1 bxc5 26. Rxc4 Rxa2 27. f3 Ra1+ 28. Kf2 Ra2+ 29. Kg1 1/2-1/2

[Event "Kragero Resort ELO 2024"]
[Site "Kragero"]
[Date "2024.02.22"]
[Round "3.9"]
[White "Kristiansen, David"]
[Black "Wernberg, Nikolai Olsen"]
[Result "0-1"]
[ECO "B47"]
[WhiteElo "1407"]
[BlackElo "1850"]
[Annotator "NA RC"]
[PlyCount "74"]
[EventDate "2024.02.21"]
[EventType "swiss"]
[EventCountry "NOR"]
[SourceTitle "playchess.com"]
[Source "ChessBase"]
[SourceQuality "1"]
[TimeControl "5400+30"]

1. e4 c5 2. Nf3 e6 3. d4 cxd4 4. Nxd4 Nc6 5. Nc3 Qc7 6. Ndb5 Qb8 7. Bc4 {B47: Sicilian: Taimanov: 5 Nc3 Qc7 6 f4, 6 g3 and 6 Be2.} Nf6 8. O-O a6 9. Nd4 b5 10. Nxc6 dxc6 11. Bb3 c5 12. a3 Be7 13. Re1 O-O 14. f4 c4 15. Ba2 Bb7 16. b3 Rd8 17. Qe2 Bc5+ 18. Be3 Bxe3+ 19. Qxe3 Ng4 20. Qg3 Qa7+ 21. Kf1 Rd2 22. Re2 Rxe2 23. Kxe2 Nf6 24. e5 Nd5 25. bxc4 bxc4 26. Bxc4 Qc5 27. Bxd5 exd5 28. Qd3 $17 (28. Rb1 $11 Bc6 29. Ke1) 28... d4 29. Ne4 Qd5 30. Kf3 Rc8 31. c4 Rxc4 32. Kg4 Qxe4 33. Qxc4 Qxg2+ 34. Kh4 Qxh2+ 35. Kg4 h5+ 36. Kf5 Qh3+ 37. Kg5 Qg4# 0-1

[Event "Kragero Resort ELO 2024"]
[Site "Kragero"]
[Date "2024.02.22"]
[Round "3.10"]
[White "Juodziukynas, Aidas"]
[Black "Nordahl, Frederik"]
[Result "1-0"]
[ECO "D15"]
[WhiteElo "1829"]
[BlackElo "1396"]
[Annotator "NA RC"]
[PlyCount "87"]
[EventDate "2024.02.21"]
[EventType "swiss"]
[EventCountry "NOR"]
[SourceTitle "playchess.com"]
[Source "ChessBase"]
[SourceQuality "1"]
[TimeControl "5400+30"]

1. d4 c6 2. c4 d5 3. Nf3 Nf6 4. Nc3 a6 5. c5 b6 6. cxb6 Qxb6 7. Qc2 Bg4 8. Na4 Qa5+ 9. Bd2 Qc7 10. Ne5 Bh5 11. Rc1 Bg6 12. Qb3 e6 13. Qb6 Qxb6 14. Nxb6 Ra7 15. Nxc6 Nxc6 16. Rxc6 a5 17. Rc8+ Ke7 18. Rb8 Kd6 19. Nc8+ Kc7 20. Bf4+ e5 21. Bxe5+ Kd7 22. Nxa7 Bb4+ 23. Kd1 Rxb8 24. Bxb8 Ne4 25. Bg3 f5 26. f3 Nf6 27. e3 Bh5 28. Bb5+ Ke7 29. a3 Bd6 30. Nc8+ Kd8 31. Nxd6 a4 32. Kd2 f4 33. Bxf4 g5 34. Bxg5 h6 35. Bxf6+ Kc7 36. Be7 Bxf3 37. Rc1+ Kb8 38. Rc8+ Ka7 39. Kc3 Be2 40. Kb4 Bxb5 41. Kxb5 h5 42. Rc7+ Kb8 43. Kb6 h4 44. Rc8# 1-0

[Event "Kragero Resort ELO 2024"]
[Site "Kragero"]
[Date "2024.02.22"]
[Round "3.11"]
[White "Sathish, Githiha"]
[Black "Strand, Amund Pihl"]
[Result "0-1"]
[ECO "B13"]
[WhiteElo "1332"]
[BlackElo "1815"]
[Annotator "NA RC"]
[PlyCount "102"]
[EventDate "2024.02.21"]
[EventType "swiss"]
[EventCountry "NOR"]
[SourceTitle "playchess.com"]
[Source "ChessBase"]
[SourceQuality "1"]
[TimeControl "5400+30"]

1. d4 d5 2. Bf4 c5 3. e3 Nc6 4. c3 cxd4 5. exd4 f6 6. Bd3 {[%emt 0:07:17] B13: Caro-Kann: Exchange Variation and Panov-Botvinnik Attack.} e5 7. Qh5+ g6 8. Bxg6+ hxg6 9. Qxh8 exf4 10. Qxg8 Bf5 11. Kd2 Qd7 12. g4 fxg3 13. hxg3 O-O-O 14. Qh7 Bg7 15. Qh2 Rh8 16. Qg2 Bh6+ 17. Kd1 Nxd4 18. Nd2 Qa4+ 19. Ke1 Re8+ 20. Ne2 Nxe2 21. Kf1 Bxd2 22. Qxd5 Qd7 23. Qxd7+ Bxd7 24. Rd1 Bg5 $19 25. Rh7 Bc6 26. Rg7 Bf3 27. Rd3 Nxg3+ 28. Kg1 Nf5 29. Rxf3 Nxg7 30. Kh2 Nf5 31. Rd3 Re2 32. Rf3 Rxb2 33. Kh3 Rxa2 34. Kh2 Be3 35. Kh3 Rxf2 36. Rxf2 Bxf2 37. Kg4 a5 38. Kf3 a4 39. Ke2 a3 40. Kxf2 a2 41. Kf3 a1=Q 42. Ke4 Qa4+ 43. Kd3 Qf4 44. Kc2 Nd4+ 45. cxd4 Qxd4 46. Kc1 Qf2 47. Kd1 g5 48. Kc1 g4 49. Kb1 g3 50. Kc1 g2 51. Kb1 g1=R# 0-1

[Event "Kragero Resort ELO 2024"]
[Site "Kragero"]
[Date "2024.02.22"]
[Round "3.12"]
[White "Mortensen, Michael"]
[Black "Jahr, Even"]
[Result "1-0"]
[ECO "A29"]
[WhiteElo "1330"]
[BlackElo "1689"]
[Annotator "NA RC"]
[PlyCount "68"]
[EventDate "2024.02.21"]
[EventType "swiss"]
[EventCountry "NOR"]
[SourceTitle "playchess.com"]
[Source "ChessBase"]
[SourceQuality "1"]
[TimeControl "5400+30"]

1. c4 e5 2. g3 Nf6 3. Bg2 d5 4. cxd5 Nxd5 5. Nc3 Be6 6. Nf3 Nc6 7. O-O Be7 8. d4 exd4 9. Nxd4 Nxd4 10. Qxd4 c6 11. Nxd5 cxd5 12. Qxg7 Bf6 13. Qh6 Qe7 14. Qe3 b6 15. Qd3 Rd8 16. Bf4 Bg5 17. Qd4 Rg8 18. Rac1 h5 19. Rc7 Qf8 20. Bxg5 Rxg5 21. h4 Rg4 22. Qe5 Qh6 23. Rxa7 Kf8 24. Qc7 Re8 25. Rd1 Qg6 26. Qc3 Kg8 27. Kh2 Rd8 28. Bxd5 Qf5 29. Bg2 Rc8 30. Qe3 Rcc4 31. Qh6 Rc8 32. Qe3 Rcc4 33. Rd8+ Kg7 34. Rd1 Kg8 1-0

[Event "Kragero Resort ELO 2024"]
[Site "Kragero"]
[Date "2024.02.22"]
[Round "3.13"]
[White "Germiani, Yaro"]
[Black "Eckholdt, Carl Marcus"]
[Result "0-1"]
[ECO "B00"]
[WhiteElo "1287"]
[BlackElo "1575"]
[Annotator "NA RC"]
[PlyCount "90"]
[EventDate "2024.02.21"]
[EventType "swiss"]
[EventCountry "NOR"]
[SourceTitle "playchess.com"]
[Source "ChessBase"]
[SourceQuality "1"]
[TimeControl "5400+30"]

1. e4 b6 2. d4 Bb7 3. Nc3 e6 4. Nf3 Bb4 5. d5 Nf6 6. dxe6 fxe6 7. e5 Ne4 8. Bd2 Bxc3 9. Bxc3 Nxc3 10. bxc3 Qe7 11. Bd3 Qc5 12. O-O Nc6 13. Ng5 Nxe5 14. Ne4 Qe7 15. Qh5+ Nf7 16. c4 g6 17. Qb5 Nd6 18. Nxd6+ Qxd6 19. Qg5 Qe7 20. Qe5 O-O-O 21. Be4 Qc5 22. Bxb7+ Kxb7 23. Qe4+ Qc6 24. Qd4 Rhf8 25. Rab1 d6 26. Rfe1 e5 27. Qh4 Rd7 28. c3 Rf4 29. Qh3 Rdf7 30. Rb2 Qxc4 31. Rb4 Qc5 32. Rxf4 Rxf4 33. Re2 Qb5 34. Re1 Qc5 35. Re2 Qd5 36. Re1 Qd2 37. Rf1 h5 38. Qe6 g5 39. g3 Rf3 40. Kg2 Rxc3 41. Qf5 a5 42. Qf3+ Rxf3 43. Kxf3 Qd5+ 44. Ke3 Qd4+ 45. Kf3 g4+ 0-1

[Event "Kragero Resort ELO 2024"]
[Site "Kragero"]
[Date "2024.02.22"]
[Round "3.14"]
[White "Hagen, Bjorn Stian"]
[Black "Kveim, Ingvar Torjesen"]
[Result "0-1"]
[ECO "A60"]
[WhiteElo "1278"]
[BlackElo "1542"]
[Annotator "NA RC"]
[PlyCount "52"]
[EventDate "2024.02.21"]
[EventType "swiss"]
[EventCountry "NOR"]
[SourceTitle "playchess.com"]
[Source "ChessBase"]
[SourceQuality "1"]
[TimeControl "5400+30"]

1. d4 Nf6 2. c4 c5 3. d5 e6 4. dxe6 fxe6 5. Nc3 Be7 6. e4 Nc6 7. Nf3 b6 8. Bd3 O-O 9. O-O Bb7 10. Bf4 Nb4 11. Re1 Nxd3 12. Qxd3 d5 13. cxd5 exd5 14. exd5 Nxd5 15. Nxd5 Bxd5 16. g3 Bf6 17. Rad1 Bf7 18. Bd6 Re8 19. Rxe8+ Qxe8 20. Re1 Qd7 21. a3 Rd8 22. Rd1 Be7 23. Ne5 Qxd6 24. Qxd6 Rxd6 25. Rxd6 Bxd6 26. Nc6 a5 0-1

[Event "Kragero Resort ELO 2024"]
[Site "Kragero"]
[Date "2024.02.22"]
[Round "3.15"]
[White "Gevorgyan, Nrane"]
[Black "Elseth, Florian"]
[Result "1-0"]
[ECO "D02"]
[WhiteElo "1268"]
[BlackElo "1513"]
[Annotator "NA RC"]
[PlyCount "83"]
[EventDate "2024.02.21"]
[EventType "swiss"]
[EventCountry "NOR"]
[SourceTitle "playchess.com"]
[Source "ChessBase"]
[SourceQuality "1"]
[TimeControl "5400+30"]

1. d4 Nf6 2. Nf3 d5 3. Bf4 e6 4. e3 c5 5. c3 Bd6 6. Ne5 O-O 7. Bd3 Qc7 8. Nd2 Nc6 9. Ndf3 h6 10. h3 b6 11. O-O Bb7 12. Rc1 Nd7 13. Nxd7 Qxd7 14. Ne5 Bxe5 15. dxe5 f6 16. exf6 Rxf6 17. Qg4 c4 18. Bc2 Qf7 19. Bg3 e5 20. e4 d4 21. cxd4 exd4 22. e5 Bc8 23. Qd1 Re6 24. Be4 Bb7 25. Bd5 Nd8 26. Bxc4 Qd7 27. Bxe6+ Nxe6 28. Qg4 Qd5 29. f3 Ba6 30. Rfd1 Be2 31. Rd2 d3 32. Re1 Qxa2 33. Bh4 Qd5 34. Rexe2 Qc5+ 35. Kh2 dxe2 36. Qxe6+ Kh8 37. Rxe2 Qd4 38. Re4 Qxb2 39. Rg4 Rg8 40. Bf6 h5 41. Bxg7+ Rxg7 42. Qh6+ 1-0

[Event "Kragero Resort ELO 2024"]
[Site "Kragero"]
[Date "2024.02.22"]
[Round "3.16"]
[White "Robertsen, Nikolas"]
[Black "Shehzad, Alina"]
[Result "0-1"]
[ECO "D02"]
[WhiteElo "1236"]
[BlackElo "1474"]
[Annotator "NA"]
[PlyCount "55"]
[EventDate "2024.02.21"]
[EventType "swiss"]
[EventCountry "NOR"]
[SourceTitle "playchess.com"]
[Source "ChessBase"]
[SourceQuality "1"]
[TimeControl "5400+30"]

1. d4 d5 2. Bf4 e6 3. Nf3 Nf6 4. e3 c5 5. dxc5 Bxc5 6. Nc3 Nc6 7. Bb5 Bd6 8. Bxd6 Qxd6 9. e4 O-O 10. Bxc6 Qxc6 11. e5 Nd7 12. Qd4 b5 13. O-O Qc4 14. Rad1 Ba6 15. Qxc4 bxc4 16. Rd4 Rab8 17. Rb1 Rfc8 18. Nd1 c3 19. Nxc3 Rxc3 20. Rd2 Rc6 21. b3 Rb4 22. a3 Re4 23. Re1 Rxe1+ 24. Nxe1 Nxe5 25. f4 Ng4 26. Nf3 Nf6 27. Ne5 Rc3 28. Re2 0-1

[Event "Kragero Resort ELO 2024"]
[Site "Kragero"]
[Date "2024.02.22"]
[Round "3.19"]
[White "Jullum, Hege Ibsen"]
[Black "Linkjendal, Sondre Olsen"]
[Result "0-1"]
[ECO "D02"]
[WhiteElo "1128"]
[BlackElo "1373"]
[Annotator "NA RC"]
[PlyCount "66"]
[EventDate "2024.02.21"]
[EventType "swiss"]
[EventCountry "NOR"]
[SourceTitle "playchess.com"]
[Source "ChessBase"]
[SourceQuality "1"]
[TimeControl "5400+30"]

1. Nf3 d5 2. d4 Nc6 3. g3 Bf5 4. Bg2 Nf6 5. O-O Qd7 6. c4 e6 7. Nc3 Ne4 8. cxd5 exd5 9. Bf4 Nxc3 10. bxc3 Bd6 11. e3 Bxf4 12. exf4 O-O 13. Qb3 Rab8 14. Ng5 h6 15. Nf3 Na5 16. Ne5 Nxb3 17. Nxd7 Nxa1 18. Nxf8 Nc2 19. Bxd5 Kxf8 20. Rc1 Na3 21. Re1 c6 22. Bg2 Re8 23. Re5 Bb1 24. Ra5 Re1+ 25. Bf1 Nb5 26. f3 Bd3 27. Kf2 Rxf1+ 28. Ke3 Bc4 29. f5 Re1+ 30. Kd2 Re2+ 31. Kc1 Bd3 32. a4 Nxc3 33. Rxa7 Rc2# 0-1

[Event "Kragero Resort ELO 2024"]
[Site "Kragero"]
[Date "2024.02.22"]
[Round "3.21"]
[White "Hoifodt, Jakob Salen"]
[Black "Syreng, Gard Alexander Bye"]
[Result "1-0"]
[ECO "A48"]
[WhiteElo "1373"]
[BlackElo "1244"]
[Annotator "NA"]
[PlyCount "113"]
[EventDate "2024.02.21"]
[EventType "swiss"]
[EventCountry "NOR"]
[SourceTitle "playchess.com"]
[Source "ChessBase"]
[SourceQuality "1"]
[TimeControl "5400+30"]

1. d4 g6 2. Bf4 Nf6 3. Nf3 Bg7 4. e3 O-O 5. Bd3 d6 6. O-O Nfd7 7. Qe2 e5 8. dxe5 dxe5 9. Bg5 Qe8 10. Bc4 e4 11. Nd4 c6 12. Nd2 a6 13. a4 c5 14. N4b3 Bxb2 15. Rab1 Bg7 16. Bf4 Qe7 17. Na5 b6 18. Bxb8 bxa5 19. Bg3 Ne5 20. Nxe4 Nxc4 21. Qxc4 Be6 22. Qxc5 Qxc5 23. Nxc5 Bf5 24. e4 Rac8 25. exf5 Rxc5 26. Bd6 Rxf5 27. Bxf8 Kxf8 28. Rb6 Rf4 29. Rxa6 Rxa4 30. Ra8+ Ke7 31. Ra7+ Kf8 32. g3 Ra2 33. Rd1 Bc3 34. Rdd7 a4 35. Rxf7+ Ke8 36. Rxh7 Bf6 37. Ra8+ Bd8 38. Rh8+ Ke7 39. Rhxd8 a3 40. Rd3 Ra1+ 41. Kg2 a2 42. Rda3 Kf6 43. Rxa2 Re1 44. Ra1 Re2 45. Rc1 Kg5 46. Ra5+ Kh6 47. c4 g5 48. c5 g4 49. c6 Re6 50. c7 Rg6 51. c8=Q Rf6 52. Qh8+ Kg6 53. Qxf6+ Kxf6 54. Rc6+ Ke7 55. Ra7+ Kd8 56. Rh6 Kc8 57. Rh8# 1-0

[Event "Kragero Resort ELO 2024"]
[Site "Kragero"]
[Date "2024.02.22"]
[Round "3.22"]
[White "Sorensen, Vidar Busch"]
[Black "Halvorsen, Frode"]
[Result "1-0"]
[ECO "C27"]
[WhiteElo "1313"]
[BlackElo "1385"]
[Annotator "NA RC"]
[PlyCount "102"]
[EventDate "2024.02.21"]
[EventType "swiss"]
[EventCountry "NOR"]
[SourceTitle "playchess.com"]
[Source "ChessBase"]
[SourceQuality "1"]
[TimeControl "5400+30"]

1. e4 e5 2. Bc4 Nf6 3. Nc3 Bc5 4. Nf3 d6 5. O-O O-O 6. d3 h6 7. Na4 Bb6 8. Nxb6 axb6 9. Re1 Bg4 10. h3 Bh5 11. g4 Bg6 12. Nh4 Bh7 13. Nf5 Bxf5 14. gxf5 Nc6 15. a3 Re8 16. Re3 Qe7 17. Rg3 Kh7 18. Be3 Rg8 19. c3 Rad8 20. Qf3 Rde8 21. Kh2 g5 22. fxg6+ Rxg6 23. Qf5 Reg8 24. Rag1 R8g7 25. f3 Qd7 26. Rxg6 Rxg6 27. Qxd7 Nxd7 28. Bxf7 Rxg1 29. Bxg1 Nc5 30. Bxc5 bxc5 31. Bd5 Nd8 32. a4 b6 33. b4 Kg6 34. Ba8 Ne6 35. a5 cxb4 36. cxb4 bxa5 37. bxa5 Nc5 38. Bd5 Na6 39. Bb7 Nc5 40. a6 Kg5 41. a7 Nxb7 42. a8=Q Nc5 43. Qd5 Kf4 44. Qf7+ Ke3 45. Qxc7 Kxf3 46. Qxd6 Nb3 47. Qxe5 Ke3 48. Qd5 Nd4 49. e5 Nf3+ 50. Kg3 Nd4 51. e6 Nf5+ 1-0

[Event "Kragero Resort ELO 2024"]
[Site "Kragero"]
[Date "2024.02.22"]
[Round "3.23"]
[White "Matysiak, Tommy"]
[Black "Jorgensen, Catherine"]
[Result "1-0"]
[ECO "B34"]
[WhiteElo "1312"]
[BlackElo "1351"]
[Annotator "NA"]
[PlyCount "74"]
[EventDate "2024.02.21"]
[EventType "swiss"]
[EventCountry "NOR"]
[SourceTitle "playchess.com"]
[Source "ChessBase"]
[SourceQuality "1"]
[TimeControl "5400+30"]

1. e4 c5 2. Nf3 g6 3. d4 cxd4 4. Nxd4 Nf6 5. Nc3 Nc6 6. Be3 Bg7 7. f3 O-O 8. Qd2 d5 9. Nxc6 bxc6 10. O-O-O e6 11. g4 Qc7 12. e5 Nd7 13. f4 f6 14. exf6 Nxf6 15. g5 Nh5 16. Ne2 Rb8 17. c3 c5 18. Bf2 a5 19. Qc2 e5 20. Bg2 Nxf4 21. Nxf4 exf4 22. Bxd5+ Kh8 23. h4 Bf5 24. Be4 c4 25. h5 Bxe4 26. Qxe4 gxh5 27. Rxh5 Be5 28. Rdh1 Rf7 29. g6 Re7 30. Rxh7+ Rxh7 31. Rxh7+ Qxh7 32. gxh7 Bg7 33. Qxf4 Rf8 34. Qxc4 Kxh7 35. Qd3+ Kh8 36. Bd4 Rf7 37. Bxg7+ Rxg7 1-0

[Event "Kragero Resort ELO 2024"]
[Site "Kragero"]
[Date "2024.02.22"]
[Round "3.24"]
[White "Nordahl, Christine"]
[Black "Persson, Michael"]
[Result "1-0"]
[ECO "D45"]
[WhiteElo "1333"]
[BlackElo "1296"]
[Annotator "NA"]
[PlyCount "75"]
[EventDate "2024.02.21"]
[EventType "swiss"]
[EventCountry "NOR"]
[SourceTitle "playchess.com"]
[Source "ChessBase"]
[SourceQuality "1"]
[TimeControl "5400+30"]

1. d4 d5 2. c4 c6 3. Nc3 Nf6 4. e3 e6 5. Nf3 Bb4 6. Qc2 Ne4 7. Bd3 Bxc3+ 8. bxc3 Nf6 9. g4 dxc4 10. Bxc4 O-O 11. g5 Nd5 12. Bd3 g6 13. h4 f5 14. gxf6 Qxf6 15. Ng5 Nd7 16. Rg1 Ne7 17. Ba3 c5 18. dxc5 Ne5 19. Ne4 Nxd3+ 20. Qxd3 Qxh4 21. O-O-O e5 22. Rh1 Qg4 23. c6 Qe6 24. Ng5 Qxa2 25. Bxe7 Qa1+ 26. Qb1 Qxc3+ 27. Qc2 Qa1+ 28. Kd2 Rxf2+ 29. Ke1 Rxc2 30. Rxa1 Rxc6 31. Rxh7 Bf5 32. Kf2 Rac8 33. Rah1 Rc2+ 34. Kg3 Rg2+ 35. Kxg2 Be4+ 36. Nxe4 Rc2+ 37. Kf3 g5 38. Nf6# 1-0